 Dungeon Crawl Stone Soup version 0.19.0-2-gae57169 (webtiles) character file.

11260 Querens the Protected (level 11, -1/81 HPs)
             Began as a Deep Dwarf Necromancer on Nov 2, 2016.
             Was a High Priest of Okawaru.
             Slain by a wolf spider (14 damage)
             ... on level 2 of the Lair of Beasts.
             The game lasted 01:41:31 (9313 turns).

Querens the Protected (Deep Dwarf Necromancer)      Turns: 9313, Time: 01:41:32

Health: -1/81      AC: 10    Str: 15    XL:     11   Next: 47%
Magic:  1/23       EV:  9    Int: 16    God:    Okawaru [*****.]
Gold:   528        SH: 16    Dex: 13    Spells: 2 memorised, 18 levels left

rFire  . . .     SeeInvis .     D - +1 flail (crush)
rCold  . . .     Gourm    .     s - +0 ring mail
rNeg   . . .     Faith    .     M - +0 large shield
rPois  .         Spirit   .     T - +0 helmet
rElec  .         Reflect  .     m - +0 cloak {MR+}
rCorr  .         Harm     .     (no gloves)
MR     ++...                    (no boots)
Stlth  +.........               (no amulet)
                                K - +1 ring of evasion
                                I - ring of magical power

@: lethally poisoned (-1 -> -1), very slightly contaminated, non-regenerating
A: damage resistance, recharge devices, sense surroundings 2, slow regeneration
3
a: Device Recharging, Heroism, Finesse, Renounce Religion


You were on level 2 of the Lair of Beasts.
You worshipped Okawaru.
Okawaru was extremely pleased with you.
You were hungry.

You visited 4 branches of the dungeon, and saw 12 of its levels.

You collected 528 gold pieces.

Inventory:

Hand Weapons
 v - a +2 broad axe of freezing
 D - a +1 flail of crushing (weapon)
Armour
 i - a +0 chain mail
 m - a +0 cloak of magic resistance (worn)
 s - a +0 ring mail (worn)
 B - a +0 helmet
 M - a +0 large shield (worn)
 N - a +0 plate armour
 R - a +0 plate armour
 T - a +0 helmet (worn)
Jewellery
 I - a ring of magical power (left hand)
 K - a +1 ring of evasion (right hand)
Wands
 a - a wand of flame (6/48)
 c - a wand of heal wounds (0/9)
 y - a wand of lightning (0/15)
 H - a wand of flame (28/48)
 L - a wand of confusion (19/48)
 S - a wand of flame (25/48)
 U - a wand of digging (16/24)
Scrolls
 e - 2 scrolls of random uselessness {unknown}
 f - 3 scrolls of blinking
 g - 7 scrolls of remove curse
 h - 2 scrolls of amnesia
 j - a scroll of fear
 l - 2 scrolls of noise {unknown}
 q - 2 scrolls of immolation {unknown}
 w - 3 scrolls of teleportation {unknown}
 C - 5 scrolls of magic mapping
 O - a scroll of enchant armour {unknown}
 V - a scroll of enchant weapon {unknown}
Potions
 k - 2 potions of cancellation
 n - a potion of resistance
 o - a potion of berserk rage
 r - 2 potions of mutation
 x - a potion of brilliance {unknown}
 z - a potion of might
 A - a potion of degeneration {unknown}
 E - a potion of cure mutation
 G - a potion of curing {unknown}
 J - a potion of magic {unknown}
 W - a potion of ambrosia {unknown}
 Y - a potion of heal wounds
Books
 b - a book of Necromancy

   Spells                             Type                      Level
   a - Pain                           Necromancy                   1
   b - Animate Skeleton               Necromancy                   1
   c - Vampiric Draining              Necromancy                   3
   d - Regeneration                   Charms/Necromancy            3
   e - Animate Dead                   Necromancy                   4
   f - Control Undead                 Necromancy                   4
 u - a book of Air

   Spells                             Type                      Level
   a - Shock                          Conjuration/Air              1
   b - Swiftness                      Charms/Air                   2
   c - Repel Missiles                 Charms/Air                   2
   d - Static Discharge               Conjuration/Air              3
   e - Lightning Bolt                 Conjuration/Air              5
Comestibles
 d - 7 bread rations
 p - 2 royal jellies
 F - 4 meat rations
 P - 4 beef jerkies
 Q - 5 slices of pizza
 X - 14 fruits


   Skills:
 * Level 3.2(3.7) Axes
 - Level 2.2(3.0) Maces & Flails
 * Level 11.0 Armour
 - Level 2.1 Dodging
 - Level 2.5 Stealth
 * Level 10.8 Shields
 + Level 6.1 Spellcasting
 + Level 9.4 Necromancy
 + Level 3.8 Evocations


You had 18 spell levels left.
You knew the following spells:

 Your Spells              Type           Power        Failure   Level  Hunger
a - Pain                  Necr           ####         3%          1    None
b - Vampiric Draining     Necr           #####.....   12%         3    ##.....


Dungeon Overview and Level Annotations

Branches:
Dungeon (8/15)             Temple (1/1) D:4            Lair (2/6) D:8
 Spider (1/4) Lair:2
  Swamp: Lair:2-4    Shoals: Lair:2-4

Altars:
Ashenzari
Cheibriados
Dithmenos
Elyvilon
Fedhas
Gozag
Hepliaklqana
Kikubaaqudgha
Makhleb
Nemelex Xobeh
Okawaru
Qazlal
Ru
Sif Muna
Trog
Uskayaw
Vehumet
Xom
Yredelemnul
Zin
The Shining One
Jiyva

Shops:
D:6 }

Annotations:
Lair:2 Nergalle


Innate Abilities, Weirdness & Mutations

You are resistant to damage.
You can recharge devices by infusing magical energy.
You passively map the area around you.
You do not regenerate.


Message History

The wolf spider is lightly wounded.
You feel life coursing into your body. You block the wolf spider's attack.
The wolf spider completely misses you.
Casting: Vampiric Draining
Confirm with . or Enter, or press ? or * to list all spells.
Aiming: Vampiric Draining
Press: ? - help, Shift-Dir - straight line, f/p - wolf spider
Aim: a wolf spider (lightly wounded)
The wolf spider is moderately wounded.
You feel life coursing into your body. The wolf spider hits you!
You block the wolf spider's attack. The wolf spider hits you!
* * * LOW HITPOINT WARNING * * *
The wolf spider bites you.
* * * LOW HITPOINT WARNING * * *
You are too injured to fight recklessly!
Your shield prevents you from hitting the wolf spider.
The wolf spider is moderately wounded.
You are feeling hungry.
The wolf spider hits you!
You die...

## ### #.### ##.###
#..#######...P# #...^.^.......###
### ######
#.^.^..^..^..P#.#####.#
#P#..######.....^^...............
...........^.^....^.....##..#.###
...............^..^.^^.###...###.
............^^^.@^..^.## ##.P# #.
#P#....##.#..^^s^....^.# #...# ##
# #P...####^..^.^.^.^..# #...# ##
##...####.^^..^^^.^..###..## #.
##.......).^^.^.^..^...###.# #.#
#............^^........P# , ##.
*#......................##,,* ##
.#..........#..##........#. ##
#...........#.⌠.##......... , ,..


You could see a wolf spider.

Vanquished Creatures
  A hydra (Lair:2)
  The ghost of Tyryt0 the Cutter, a novice OpFi (D:6)
  3 sirens (Lair:2)
  A torpor snail (Lair:2)
  2 rime drakes
  A demonic crawler (Lair:2)
  A komodo dragon (Lair:1)
  A merfolk (Lair:2)
  Grinder (D:6)
  A jumping spider (Lair:2)
  5 blink frogs (Lair:2)
  3 hippogriffs
  Sigmund (D:3)
  A redback (Lair:2)
  A shadow (D:7)
  2 tarantellas (Lair:2)
  4 hogs (D:7)
  5 humans
  2 basilisks
  Menkaure (D:7)
  Edmund (D:5)
  2 water moccasins
  The ghost of GordonOverkill the Chucker, an amateur OgHu (D:3)
  3 orc warriors
  2 sky beasts
  An ogre (D:6)
  4 wolves (Lair:2)
  A centaur (D:8)
  6 crocodiles
  5 bullfrogs
  4 scorpions
  2 crimson imps
  A centaur zombie (D:8)
  Crazy Yiuf (D:3)
  7 orc wizards
  5 orc priests
  A hound (D:6)
  A jelly (D:8)
  4 iguanas
  A worker ant (D:6)
  A hound zombie (D:5)
  4 gnolls (D:4)
  14 adders
  A shadow imp (D:8)
  2 oozes (D:2)
  2 adder skeletons (D:5)
  2 worms (D:2)
  3 dart slugs
  2 leopard geckos
  31 orcs
  7 bats
  4 giant cockroaches
  5 goblins
  6 hobgoblins
  7 jackals
  5 quokkas
  A ball python (D:4)
  6 frilled lizards
  4 kobolds
  A leopard gecko skeleton (D:5)
  A quokka skeleton (D:6)
  A quokka zombie (D:6)
  7 rats
208 creatures vanquished.

Vanquished Creatures (others)
  An orc (D:4)
  A fungus (Lair:2)
2 creatures vanquished.

Grand Total: 210 creatures vanquished

Notes
Turn   | Place    | Note
-------+----------+-------------------------------------------
     0 | D:1      | Querens the Deep Dwarf Necromancer began the quest for the Orb.
     0 | D:1      | Reached XP level 1. HP: 15/15 MP: 3/3
   390 | D:1      | Reached XP level 2. HP: 22/22 MP: 1/4
   821 | D:2      | Reached skill level 1 in Armour
   821 | D:2      | Reached XP level 3. HP: 19/28 MP: 0/6
   883 | D:2      | Learned a level 3 spell: Vampiric Draining
   897 | D:2      | Reached skill level 5 in Necromancy
  1283 | D:2      | Reached XP level 4. HP: 25/36 MP: 0/7
  1305 | D:2      | Reached skill level 2 in Armour
  1414 | D:2      | Found a shimmering altar of Xom.
  1653 | D:2      | Found a hide-covered altar of Uskayaw.
  1871 | D:3      | Found an iron altar of Okawaru.
  1876 | D:3      | Noticed Sigmund
  1912 | D:3      | Killed Sigmund
  1912 | D:3      | Reached skill level 3 in Armour
  1912 | D:3      | Reached XP level 5. HP: 24/42 MP: 1/9
  1912 | D:3      | Reached XP level 6. HP: 28/49 MP: 1/10
  1925 | D:3      | Became a worshipper of Warmaster Okawaru
  1950 | D:3      | Found a radiant altar of Vehumet.
  2182 | D:3      | Noticed GordonOverkill's ghost (amateur OgHu)
  2287 | D:3      | Killed GordonOverkill's ghost
  2570 | D:3      | Found a runed door.
  2574 | D:3      | Noticed Crazy Yiuf
  2587 | D:3      | Paralysed by Crazy Yiuf for 2 turns
  2589 | D:3      | Killed Crazy Yiuf
  2655 | D:4      | Found a staircase to the Ecumenical Temple.
  2681 | Temple   | Entered the Ecumenical Temple
  2843 | D:4      | Reached skill level 4 in Armour
  2958 | D:4      | Found a blossoming altar of Fedhas.
  2958 | D:4      | Found a shadowy altar of Dithmenos.
  2997 | D:4      | Found an opulent altar of Gozag.
  3116 | D:4      | Reached XP level 7. HP: 29/55 MP: 1/10
  3750 | D:5      | Entered Level 5 of the Dungeon
  3904 | D:5      | Reached * piety under Okawaru
  4066 | D:5      | Found a bloodstained altar of Trog.
  4066 | D:5      | Found a burning altar of Makhleb.
  4114 | D:5      | Found Ynuilo's Magic Scroll Shop.
  4186 | D:6      | Noticed Grinder
  4269 | D:6      | Reached skill level 5 in Armour
  4269 | D:6      | Reached skill level 5 in Shields
  4359 | D:6      | Found Umoah's Gadget Emporium.
  4410 | D:6      | Noticed Edmund
  4412 | D:6      | Noticed a human
  4414 | D:6      | Noticed a human
  4429 | D:5      | Killed Edmund
  4429 | D:5      | Reached XP level 8. HP: 24/62 MP: 1/12
  4654 | D:6      | HP: 1/62 [human/club (3)]
  4833 | D:6      | Reached ** piety under Okawaru
  4833 | D:6      | Reached skill level 6 in Armour
  5343 | D:6      | Killed Grinder
  5343 | D:6      | Reached *** piety under Okawaru
  5343 | D:6      | Reached skill level 7 in Armour
  5343 | D:6      | Gained mutation: You passively map the area around you. [Deep Dwarf growth]
  5343 | D:6      | Reached XP level 9. HP: 31/68 MP: 14/14
  5395 | D:6      | Noticed Tyryt0's ghost (novice OpFi)
  5575 | D:6      | Killed Tyryt0's ghost
  5622 | D:7      | Found an opulent altar of Gozag.
  5669 | D:7      | Reached **** piety under Okawaru
  5679 | D:7      | Found a glowing golden altar of the Shining One.
  5907 | D:7      | Reached skill level 8 in Armour
  5974 | D:7      | Reached skill level 5 in Spellcasting
  6162 | D:7      | Noticed Menkaure
  6168 | D:7      | Killed Menkaure
  6387 | D:8      | HP: 2/68 [something (28)]
  6393 | D:7      | Reached XP level 10. HP: 23/75 MP: 15/15
  6432 | D:8      | Reached skill level 9 in Armour
  6528 | D:8      | Found a staircase to the Lair.
  6532 | D:8      | Found a sacrificial altar of Ru.
  6636 | D:8      | Reached ***** piety under Okawaru
  6756 | D:8      | Found a white marble altar of Elyvilon.
  6866 | Lair:1   | Entered Level 1 of the Lair of Beasts
  7595 | Lair:2   | Reached skill level 1 in Maces & Flails
  7595 | Lair:2   | Reached skill level 1 in Evocations
  7669 | Lair:2   | Reached skill level 10 in Armour
  7669 | Lair:2   | Reached skill level 10 in Shields
  8027 | Lair:2   | Found a hole to the Spider Nest.
  8431 | Lair:2   | Received a gift from Okawaru
  8431 | Lair:2   | Reached XP level 11. HP: 50/81 MP: 1/16
  8535 | Lair:2   | Reached skill level 1 in Axes
  8678 | Lair:2   | Noticed Nergalle
  8743 | Lair:2   | Noticed a seven-headed hydra
  8765 | Lair:2   | Killed a seven-headed hydra
  8793 | Spider:1 | Entered Level 1 of the Spider Nest
  8797 | Spider:1 | Noticed an orb spider
  8807 | Lair:2   | HP: 4/81 [demonic crawler[a torpor snail] (1)]
  9086 | Lair:2   | HP: 2/81 [siren/trident (10)]
  9253 | Lair:2   | Reached skill level 11 in Armour
  9300 | Spider:1 | Noticed a wolf spider
  9304 | Lair:2   | HP: 2/81 [wolf spider (13)]
  9309 | Lair:2   | HP: 2/81 [wolf spider (16)]
  9313 | Lair:2   | Slain by a wolf spider

Skill      XL: |  1  2  3  4  5  6  7  8  9 10 11 |
---------------+----------------------------------+-----
Spellcasting   | 2 3 4 5 6 |  6.1
Armour         | 1 3 4 5 7 8 10 11 | 11.0
Necromancy     | 5 6 7 8 9 |  9.4
Shields        | 2 3 5 7 8 10 | 10.8
Maces & Flails | 2 |  2.2
Evocations     | 2 3 |  3.8
Axes           | 3 |  3.2
Dodging        | |  2.1
Stealth        | |  2.5

Action                   |  1- 3 |  4- 6 |  7- 9 | 10-12 || total
-------------------------+-------+-------+-------+-------++-------
Melee: Club              |    60 |   207 |       |       ||   267
       Unarmed           |     1 |       |       |       ||     1
       Flail             |       |     4 |   254 |   269 ||   527
       Broad axe         |       |       |       |    33 ||    33
 Cast: Pain              |    41 |     1 |     1 |    12 ||    55
       Vampiric Draining |     9 |    39 |   111 |   136 ||   295
Invok: Heroism           |       |       |     2 |     8 ||    10
       Finesse           |       |       |       |     2 ||     2
 Abil: Device Recharging |       |     1 |     1 |     4 ||     6
Evoke: Wand              |       |     6 |     9 |    25 ||    40
  Use: Potion            |       |     3 |     1 |     2 ||     6
       Scroll            |       |     1 |    11 |     1 ||    13
 Stab: Sleeping          |     3 |       |     2 |     1 ||     6
  Eat: Chunk             |     2 |     9 |     6 |    17 ||    34
       Fruit             |       |     1 |       |     1 ||     2
       Beef jerky        |       |     1 |     2 |       ||     3
       Pizza             |       |       |     2 |     1 ||     3
       Meat ration       |       |       |     2 |       ||     2
Armor: Robe              |     3 |       |       |       ||     3
       Leather armour    |    15 |    41 |    35 |       ||    91
       Ring mail         |       |       |    39 |   159 ||   198
Dodge: Dodged            |    67 |   153 |   204 |   193 ||   617
Block: Buckler           |       |    34 |    41 |       ||    75
       Shield            |       |       |    72 |    65 ||   137
       Large shield      |       |       |       |   364 ||   364
